 Dungeon Crawl Stone Soup version 0.20-a0-522-g0b37eee (webtiles) character file.

35 Minion the Sneak (level 3, -1/24 HPs)
             Began as an Octopode Assassin on Jan 25, 2017.
             Slain by a goblin
             ... wielding a +0 club
             ... led by Robin
              (4 damage)
             ... on level 2 of the Dungeon.
             The game lasted 00:01:58 (1385 turns).

Minion the Sneak (Octopode Assassin)                Turns: 1385, Time: 00:01:59

Health: -1/24      AC:  1    Str: 10    XL:     3   Next: 35%
Magic:  3/3        EV: 13    Int: 13    God:
Gold:   19         SH:  0    Dex: 14    Spells: 2/2 levels left

rFire    . . .     SeeInvis .   a - +2 dagger
rCold    . . .     Gourm    .   (no shield)
rNeg     . . .     Faith    .   (helmet restricted)
rPois    .         Spirit   .   (no amulet)
rElec    .         Reflect  .   (no ring)
rCorr    .         Harm     .   (no ring)
MR       .....                  (no ring)
Stlth    ++++......             (no ring)
Regen    0.1/turn               (no ring)
                                (no ring)
                                (no ring)
                                (no ring)

@: no status effects
A: almost no armour, stealthy swim, amphibious, 8 rings, constrict 8, camouflage
1, gelatinous body 1
a: no special abilities


You were on level 2 of the Dungeon.
You were not hungry.

You visited 1 branch of the dungeon, and saw 2 of its levels.

You collected 19 gold pieces.

Inventory:

Hand Weapons
 a - a +2 dagger (weapon)
 b - a +0 blowgun
Missiles
 c - 8 poisoned needles
 d - 2 curare-tipped needles
Scrolls
 e - a scroll of remove curse {unknown}
 h - 2 scrolls of identify {unknown}
Potions
 g - a potion of berserk rage {unknown}


   Skills:
 - Level 2.0 Fighting
 + Level 3.2 Short Blades
 - Level 2.0 Throwing
 - Level 1.0 Dodging
 + Level 5.9 Stealth


You had 2 spell levels left.
You didn't know any spells.

Dungeon Overview and Level Annotations

Branches:
Dungeon (2/15)

Altars:

Annotations:
D:2 Robin


Innate Abilities, Weirdness & Mutations

You cannot wear most types of armour.
You are very stealthy in the water. (Stealth+)
You are amphibious.
You can wear up to eight rings at the same time.
You can use your tentacles to constrict eight enemies at once.
Your skin changes colour to match your surroundings (Stealth+).
Your rubbery body absorbs attacks. (AC +1, EV +1)


Message History

Robin roars a battlecry!
The goblins go into a battle-frenzy!
You barely miss the goblin. Your grab misses the goblin. The goblin misses you.
You hit the goblin. You grab the goblin. Your squeeze misses the goblin.
The goblin is moderately wounded.
You constrict the goblin. Robin throws the goblin at you!
You hit the goblin but do no damage.
The goblin is heavily wounded.
You constrict the goblin.
You kill the goblin!
The goblin hits you with a dagger. The goblin hits you.
The hobgoblin hits you with a club. The goblin hits you.
* * * LOW HITPOINT WARNING * * *
You are too injured to fight recklessly!
You are too injured to fight recklessly!
You are too injured to fight recklessly!
Robin throws the goblin at you! The goblin hits you but does no damage.
The goblin closely misses you. The goblin hits you with a club.
You die...

...+......
##.##...###
...+...'.#
##########.##...#.#
.b..$....#.##...#.#
#####..........#.#
#.############
#######.# #..@gg..#
#..gggg## #..gg...#
#..g.g.....
#............
#.......#...#
#.......#####
........#
##.......# ###


You could see Robin, 2 hobgoblins and 7 goblins.

Vanquished Creatures
  A gnoll (D:1)
  A dart slug (D:1)
  A leopard gecko (D:1)
  3 goblins
  3 hobgoblins (D:1)
  A ball python (D:1)
  4 bats (D:1)
  3 frilled lizards (D:1)
  4 kobolds (D:1)
  2 rats (D:1)
23 creatures vanquished.

Notes
Turn   | Place    | Note
-------+----------+-------------------------------------------
     0 | D:1      | Minion the Octopode Assassin began the quest for the Orb.
     0 | D:1      | Reached XP level 1. HP: 14/14 MP: 1/1
   408 | D:1      | Reached XP level 2. HP: 19/19 MP: 2/2
   587 | D:1      | Reached XP level 3. HP: 11/24 MP: 3/3
  1377 | D:2      | Noticed Robin
  1385 | D:2      | Slain by a goblin

Vault maps used:
D:1:      dpeg_arrival_long_road, serial_curves, eino_curves_02, eino_curves_04,
          kennysheep_boxes
D:2:      nicolae_dithmenos_through_a_glass_darkly, uniq_crazy_yiuf_cottage,
          uniq_robin

Skill      XL: |  1  2 |
---------------+-------+-----
Short Blades   | 3 |  3.2
Fighting       | |  2.0
Throwing       | |  2.0
Dodging        | |  1.0
Stealth        | |  5.9

Action                   || total
-------------------------++-------
Melee: Dagger            ||    41
       Constrict         ||     9
       Tentacles         ||     6
 Stab: Sleeping          ||     8
  Eat: Bread ration      ||     1
Armor: Skin              ||     2
Dodge: Dodged            ||    21
